 Dungeon Crawl Stone Soup version 0.31.0-11-ge490571c62 (webtiles) character file.

Game seed: 2380548492858337594

1986 qw the Skirmisher (level 9, 0/50 HPs)
             Began as a Deep Elf Hunter on Feb 5, 2024.
             Was a Believer of Okawaru.
             Succumbed to their own poison gas
             ... on level 6 of the Dungeon.
             The game lasted 00:02:48 (4182 turns).

qw the Skirmisher (Deep Elf Hunter)                 Turns: 4182, Time: 00:02:48

Health: 0/50       AC: 11    Str: 16    XL:     9   Next: 1%
Magic:  14/14      EV: 14    Int: 15    God:    Okawaru [**....]
Gold:   358        SH:  0    Dex: 23    Spells: 8/8 levels left

rFire   . . .        a - +8 longbow "Zephyr" {speed, Dex+3 SInv}
rCold   . . .        (shield currently unavailable)
rNeg    . . .        m - +2 ring mail "Liffen" {rElec Str+6}
rPois   .            o - +2 hat
rElec   +            (no cloak)
rCorr   +            d - +1 pair of gloves
SInv    +            (no boots)
Will    .....        (no amulet)
Stlth   ++           h - ring of resist corrosion
HPRegen 0.28/turn    (no ring)
MPRegen 0.14/turn

%: no passive effects
@: lethally poisoned (0 -> -59), on berserk cooldown, slowed, very slow
A: no striking features
a: Renounce Religion, Heroism


You were on level 6 of the Dungeon.
You worshipped Okawaru.
Okawaru was pleased with you.
You visited 2 branches of the dungeon, and saw 7 of its levels.

You collected 358 gold pieces.


   Skills:
 - Level 3.0 Fighting
 - Level 13.4 Ranged Weapons
 - Level 1.3 Armour
 + Level 5.2 Dodging
 - Level 1.2 Stealth
 - Level 4.0 Invocations


You had 8 spell levels left.
You didn't know any spells.
Your spell library was empty.

Inventory:

Hand Weapons
 a - the +8 longbow "Zephyr" (weapon) {speed, Dex+3 SInv}
   (You acquired it on level 1 of the Dungeon)

   Dex+3:     It affects your dexterity (+3).
   SInv:      It lets you see invisible.
Armour
 d - a +1 pair of gloves (worn)
 m - the +2 ring mail "Liffen" (worn) {rElec Str+6}
   (You acquired it on level 3 of the Dungeon)

   Str+6:     It affects your strength (+6).
   rElec:     It insulates you from electricity.
 o - a +2 hat (worn)
Jewellery
 h - a ring of resist corrosion (left hand)
 j - an amulet of guardian spirit
Wands
 i - a wand of roots (10)
Scrolls
 b - 2 scrolls of teleportation
 f - a scroll of enchant weapon
Potions
 c - a potion of enlightenment
 e - 3 potions of curing
 g - a potion of resistance
 l - a potion of berserk rage
 p - a potion of mutation
 q - a potion of haste

Dungeon Overview and Level Annotations

Branches:
Dungeon (6/15)             Temple (1/1) D:5

Altars:
Ashenzari
Cheibriados
Dithmenos
Elyvilon
Fedhas
Gozag
Hepliaklqana
Kikubaaqudgha
Makhleb
Nemelex Xobeh
Okawaru
Ru
Sif Muna
Trog
Uskayaw
Vehumet
Wu Jian
Xom
Yredelemnul
Zin
The Shining One

Shops:
D:5 [


Message History

Partly explored, can't reach some items.
4174 ||| READING scroll labelled JOGAUSTR COINYEG.
As you read the scroll labelled JOGAUSTR COINYEG, it crumbles to dust.
It is a scroll of enchant armour.
4174 ||| ENCHANTING +0 pair of gloves.
Your +0 pair of gloves glows green for a moment.
Partly explored, can't reach some items.
4175 ||| READING scroll labelled JURGHAFF ROATE.
The air fills with toxic fumes!
As you read the scroll labelled JURGHAFF ROATE, it crumbles to dust.
It was a scroll of poison.
Partly explored, can't reach some items.
4176 ||| READING scroll labelled KUB BATHUTT.
As you read the scroll labelled KUB BATHUTT, it crumbles to dust.
It is a scroll of amnesia.
You feel forgetful for a moment.
Partly explored, can't reach some items.
4177 ||| DRINKING 2 green potions.
It was a potion of berserk rage.
A red film seems to cover your vision as you go berserk!
You feel yourself moving faster!
You feel mighty!
4178 ||| FLEEEEING.
You feel a strong urge to attack something.
You are engulfed in poison gas.
You are poisoned.
You feel very sick.
4179 ||| FLEEEEING.
You are engulfed in poison gas.
You are more poisoned.
You feel very sick.
4180 ||| FLEEEEING.
You feel your anger nearly subside.
You are engulfed in poison gas.
You are more poisoned.
You feel very sick.
4181 ||| FLEEEEING.
You are engulfed in poison gas.
You are more poisoned.
You are no longer berserk.
You are exhausted.
You feel yourself slow down.
You feel extremely sick.
4182 ||| FLEEEEING.
You are engulfed in poison gas.
You are more poisoned.
You die...

........................#
...##..#######..........#
..####.# ##..¤00¤¤¤¤¤¤##
....##.####..#¤¤¤¤¤0¤0¤¤#
............##¤¤¤¤¤¤¤0¤¤#
.....#..######¤¤¤¤¤¤¤¤¤¤#
...........###0¤¤¤¤¤¤¤¤¤#
..............¤¤¤¤¤¤0¤¤¤#
...#..........¤0@¤¤¤¤¤¤######
####..........¤¤¤0¤0¤.¤0¤...#
#[.........¤¤¤############
#.........<...#
####.......(..# #........<.#
#..........# ############


There were no monsters in sight!

Vanquished Creatures
  Maggie (D:6)
  Menkaure (D:6)
  Edmund (D:6)
  An orc warrior (D:6)
  2 ice beasts
  2 ogres
  5 scorpions
  3 bullfrogs
  2 hounds (D:4)
  3 jellies (D:5)
  3 sleepcaps
  Jessica (D:3)
  7 iguanas
  2 orc wizards
  9 adders
  A white imp (D:5)
  2 ufetubi (D:5)
  3 dart slugs
  10 orcs
  4 bats
  12 endoplasms
  2 giant cockroaches (D:2)
  7 goblins
  8 hobgoblins
  8 jackals
  8 kobolds
  6 quokkas
  7 ball pythons
  4 frilled lizards (D:1)
  A rat (D:3)
126 creatures vanquished.

Notes
Turn   | Place    | Note
-------+----------+-------------------------------------------
     0 | D:1      | qw the Deep Elf Hunter began the quest for the Orb.
     0 | D:1      | Reached XP level 1. HP: 12/12 MP: 3/3
     0 | D:1      | 0 ||| qw: Version: 0.3-a-160-g6735b56
     0 | D:1      | 0 ||| qw: Game counter: 6391
     0 | D:1      | 0 ||| qw: Melee chars always use a shield: true
     0 | D:1      | 0 ||| qw: God list: Okawaru
     0 | D:1      | 0 ||| qw: Allow faded altars: false
     0 | D:1      | 0 ||| qw: Do Orc after clearing Dungeon:15 true
     0 | D:1      | 0 ||| qw: Do second Lair branch before Depths: true
     0 | D:1      | 0 ||| qw: Lair rune preference: random
     0 | D:1      | 0 ||| qw: Goals: Normal
     0 | D:1      | 0 ||| PLANNING D:1-11
   150 | D:1      | Reached skill level 6 in Ranged Weapons
   150 | D:1      | Reached XP level 2. HP: 15/16 MP: 4/4
   347 | D:1      | Reached XP level 3. HP: 20/20 MP: 5/5
   396 | D:1      | 396 ||| SWAPPING to +1 shortbow of freezing.
   397 | D:1      | 397 ||| DROPPING +0 shortbow.
   796 | D:1      | 796 ||| UPGRADING to +0 ring mail.
   806 | D:1      | 806 ||| DROPPING +0 leather armour.
   807 | D:1      | 807 ||| UPGRADING to amulet of guardian spirit.
   812 | D:1      | 812 ||| READING scroll labelled ZOSOEM RIOR.
   815 | D:1      | 815 ||| READING scroll labelled TUTYPL GIUN.
   815 | D:1      | Identified a scroll of acquirement
   815 | D:1      | 815 ||| ACQUIRING +8 longbow "Zephyr" {speed, Dex+3 SInv}
   815 | D:1      | Acquired the +8 longbow "Zephyr" {speed, Dex+3 SInv}
   815 | D:1      | Found the +8 longbow "Zephyr" {speed, Dex+3 SInv}
   817 | D:1      | 817 ||| SWAPPING to +8 longbow "Zephyr" {speed, Dex+3
                  | SInv}.
   818 | D:1      | 818 ||| DROPPING +1 shortbow of freezing.
   819 | D:1      | 819 ||| READING 2 scrolls labelled TUBAABR CESCHEO.
   820 | D:1      | 820 ||| READING scroll labelled JESCHOR ISIO.
   820 | D:1      | 820 ||| IDENTIFYING bubbling brown potion
   821 | D:1      | 821 ||| READING scroll labelled LUIS ZIDIDAA.
   822 | D:1      | 822 ||| DROPPING scroll of butterflies.
  1077 | D:2      | Reached skill level 7 in Ranged Weapons
  1400 | D:2      | Found a faded altar of an unknown god.
  1402 | D:2      | Reached XP level 4. HP: 25/25 MP: 6/6
  1668 | D:2      | 1668 ||| UPGRADING to +0 pair of gloves.
  1673 | D:2      | 1673 ||| UPGRADING to +0 helmet.
  1678 | D:2      | 1678 ||| READING scroll of identify.
  1678 | D:2      | 1678 ||| IDENTIFYING fuming puce potion
  1679 | D:2      | 1679 ||| READING scroll labelled DEGHOTTEEM.
  1838 | D:3      | Noticed Jessica
  1839 | D:3      | Killed Jessica
  1840 | D:3      | Reached skill level 8 in Ranged Weapons
  1849 | D:3      | 1849 ||| READING scroll of acquirement.
  1849 | D:3      | 1849 ||| ACQUIRING +2 ring mail "Liffen" {rElec Str+6}
  1849 | D:3      | Acquired the +2 ring mail "Liffen" {rElec Str+6}
  1851 | D:3      | 1851 ||| UPGRADING to +2 ring mail "Liffen" {rElec Str+6}.
  1861 | D:3      | 1861 ||| DROPPING +0 ring mail.
  2170 | D:3      | 2170 ||| UPGRADING to ring of resist corrosion.
  2171 | D:3      | 2171 ||| READING 3 scrolls of identify.
  2171 | D:3      | 2171 ||| IDENTIFYING bubbling golden potion
  2172 | D:3      | 2172 ||| READING 2 scrolls of identify.
  2172 | D:3      | 2172 ||| IDENTIFYING gluggy blue potion
  2173 | D:3      | 2173 ||| READING scroll of identify.
  2173 | D:3      | 2173 ||| IDENTIFYING scroll labelled XIWNOD SYTYACK
  2174 | D:3      | 2174 ||| DROPPING potion of invisibility.
  2175 | D:3      | 2175 ||| DROPPING scroll of fog.
  2253 | D:4      | Reached skill level 3 in Dodging
  2253 | D:4      | Reached XP level 5. HP: 29/29 MP: 7/7
  2261 | D:4      | Noticed an ogre
  2264 | D:4      | Killed an ogre
  2265 | D:4      | Reached skill level 9 in Ranged Weapons
  2290 | D:4      | Reached XP level 6. HP: 26/36 MP: 5/8
  2376 | D:4      | Reached skill level 1 in Armour
  2563 | D:4      | Reached XP level 7. HP: 40/40 MP: 9/9
  2566 | D:4      | Reached skill level 10 in Ranged Weapons
  2720 | D:5      | Entered Level 5 of the Dungeon
  2729 | D:5      | Found a staircase to the Ecumenical Temple.
  2731 | D:5      | 2731 ||| PLANNING TEMPLE
  2737 | Temple   | Entered the Ecumenical Temple
  2738 | Temple   | 2738 ||| PLANNING OKAWARU WORSHIP
  2807 | Temple   | Became a worshipper of Warmaster Okawaru
  2808 | Temple   | 2808 ||| PLANNING D:1-11
  2808 | Temple   | 2808 ||| REMOVING amulet of guardian spirit.
  2951 | D:5      | Reached skill level 11 in Ranged Weapons
  2961 | D:5      | Reached * piety under Okawaru
  2982 | D:5      | Reached skill level 1 in Invocations
  2982 | D:5      | Reached XP level 8. HP: 45/45 MP: 10/10
  3093 | D:5      | Reached skill level 12 in Ranged Weapons
  3223 | D:5      | Found a glowing golden altar of the Shining One.
  3223 | D:5      | Found a shimmering altar of Xom.
  3354 | D:5      | Found Qoskeo Pose's Armour Emporium.
  3461 | D:5      | Found an ancient bone altar of Kikubaaqudgha.
  3463 | D:5      | Found a white marble altar of Elyvilon.
  3553 | D:5      | 3553 ||| UPGRADING to +2 hat.
  3563 | D:5      | 3563 ||| DROPPING +0 helmet.
  3564 | D:5      | 3564 ||| READING 2 scrolls of identify.
  3564 | D:5      | 3564 ||| IDENTIFYING orange potion
  3565 | D:5      | 3565 ||| READING scroll of identify.
  3565 | D:5      | 3565 ||| IDENTIFYING scroll labelled RIOLOTHRIOG
  3566 | D:5      | 3566 ||| READING scroll labelled CIDILA JAWNILUTI.
  3667 | D:5      | 3667 ||| DROPPING scroll of revelation.
  3746 | D:6      | Reached skill level 3 in Fighting
  3752 | D:6      | Reached skill level 3 in Invocations
  3931 | D:6      | Noticed Menkaure
  3934 | D:6      | Killed Menkaure
  3934 | D:6      | Reached ** piety under Okawaru
  3934 | D:6      | Noticed Maggie
  3935 | D:6      | 3935 ||| INVOKING Heroism.
  3937 | D:6      | Killed Maggie
  4026 | D:6      | Noticed Edmund
  4031 | D:6      | Killed Edmund
  4032 | D:6      | Reached skill level 13 in Ranged Weapons
  4138 | D:6      | Reached XP level 9. HP: 50/50 MP: 14/14
  4172 | D:6      | 4172 ||| READING scroll of identify.
  4172 | D:6      | 4172 ||| IDENTIFYING glowing puce potion
  4173 | D:6      | 4173 ||| READING scroll labelled VOP TETUDGHOST.
  4174 | D:6      | 4174 ||| READING scroll labelled JOGAUSTR COINYEG.
  4174 | D:6      | 4174 ||| ENCHANTING +0 pair of gloves.
  4175 | D:6      | 4175 ||| READING scroll labelled JURGHAFF ROATE.
  4176 | D:6      | 4176 ||| READING scroll labelled KUB BATHUTT.
  4177 | D:6      | 4177 ||| DRINKING 2 green potions.
  4178 | D:6      | 4178 ||| FLEEEEING.
  4179 | D:6      | 4179 ||| FLEEEEING.
  4180 | D:6      | 4180 ||| FLEEEEING.
  4181 | D:6      | 4181 ||| FLEEEEING.
  4182 | D:6      | 4182 ||| FLEEEEING.
  4182 | D:6      | Succumbed to their own poison gas

Levels and vault maps discovered:
D:1:      lemuel_arrival_room, layout_loops_ring, minmay_tromino_v4_b
D:2:      wad_pebble_path, layout_basic,
          hellmonk_ecumenical_altar_pennies_from_heaven
D:3:      layout_basic, uniq_jessica
D:4:      layout_rooms, serial_library_hellmonk_layered_room,
          serial_library_hellmonk_hallway_a
D:5:      minmay_angry_zag, layout_loops_ring,
          chequers_temple_overflow_statue_of_worship,
          gammafunk_temple_overflow_wave, minmay_temple_entry_statues_pillars,
          serial_shops, nicolae_shop_peninsula, minmay_starry_boxes
D:6:      layout_rooms, grunt_tough_drop, uniq_menkaure, uniq_edmund,
          uniq_maggie
Temple:   minmay_temple_bridge_d

Skill      XL: |  1  2  3  4  5  6  7  8 |
---------------+-------------------------+-----
Ranged Weapons | 6 7 8 9 11 13 | 13.4
Dodging        | 3 4 5 |  5.2
Fighting       | 2 3 |  3.0
Armour         | 1 |  1.3
Invocations    | 1 4 |  4.0
Stealth        | |  1.2

Action                     |  1- 3 |  4- 6 |  7- 9 || total
---------------------------+-------+-------+-------++-------
   Fire: Shortbow          |   107 |       |       ||   107
         Longbow           |    26 |    59 |   104 ||   189
 Invoke: Heroism           |       |       |     1 ||     1
    Use: Scroll            |     5 |     6 |     8 ||    19
         Potion            |       |       |     1 ||     1
 Armour: Leather armour    |    17 |       |       ||    17
         Ring mail         |     3 |     6 |     5 ||    14
  Dodge: Dodged            |    29 |     6 |    11 ||    46

Table legend:
 A = Non-vault XP
 B = Vault XP
 C = Vault XP percentage of total XP
 D = Non-vault monster count
 E = Vault monster count
 F = Vault count percentage of total count
                 A         B        C        D         E       F
            +---------+---------+-------+---------+---------+-------
      Total |    1550 |    1288 |  45.4 |     107 |      19 |  15.1
            +---------+---------+-------+---------+---------+-------
        D:1 |      59 |       3 |   4.8 |      32 |       2 |   5.9
        D:2 |      52 |       0 |   0.0 |      15 |       0 |   0.0
        D:3 |      27 |      37 |  57.8 |      11 |       1 |   8.3
        D:4 |     612 |       0 |   0.0 |      23 |       0 |   0.0
        D:5 |     391 |     547 |  58.3 |      16 |      10 |  38.5
        D:6 |     409 |     701 |  63.2 |      10 |       6 |  37.5
            +---------+---------+-------+---------+---------+-------
